 Dungeon Crawl Stone Soup version 0.30-a0-1122-g620db56ad9 (webtiles) character file.

Game seed: 8326204446742103296

109 Kenran the Cudgeller (level 4, 0/39 HPs)
             Began as a Minotaur Monk on Apr 22, 2023.
             Slain by a goblin
             ... wielding a +0 dagger of venom
             ... led by Robin
              (3 damage)
             ... on level 2 of the Dungeon.
             The game lasted 00:01:41 (834 turns).

Kenran the Cudgeller (Minotaur Monk)                 Turns: 834, Time: 00:01:42

Health: 0/39       AC:  2    Str: 16    XL:     4   Next: 59%
Magic:  3/3        EV: 13    Int:  7    God:
Gold:   29         SH:  0    Dex: 14    Spells: 3/3 levels left

rFire   . . .        a - +0 mace
rCold   . . .        d - orb {light}
rNeg    . . .        b - +0 robe
rPois   .            (helmet restricted)
rElec   .            (no cloak)
rCorr   .            (no gloves)
SInv    .            (no boots)
Will    .....        (no amulet)
Stlth   +            h - ring of flight
HPRegen 0.26/turn    (no ring)
MPRegen 0.08/turn

%: no passive effects
@: confused, lethally poisoned (0 -> -6), ambrosia-drunk, flying, slowed,
glowing, very slow
A: horns 2, retaliatory headbutt
a: no special abilities


You were on level 2 of the Dungeon.
You visited 1 branch of the dungeon, and saw 2 of its levels.

You collected 29 gold pieces.

Inventory:

Hand Weapons
 a - a +0 mace (weapon)
Armour
 b - a +0 robe (worn)
 d - an orb of light (worn)
Jewellery
 h - a ring of flight (left hand)
Scrolls
 e - 2 scrolls of identify {@r1}
 f - a scroll of immolation {unknown}
 i - 2 scrolls of teleportation {unknown}


   Skills:
 - Level 3.6 Fighting
 + Level 6.5 Maces & Flails
 - Level 3.2 Dodging


You had 3 spell levels left.
You didn't know any spells.
Your spell library was empty.

Dungeon Overview and Level Annotations

Branches:
Dungeon (2/15)

Altars:
Kikubaaqudgha

Annotations:
D:2 Robin


Innate Abilities, Weirdness & Mutations

You have a pair of horns on your head.
You reflexively headbutt those who attack you in melee.


Message History

The adder attacks as you move away! The adder misses you.
You feel sick.
You hear a shout!
The goblin hits you with a +0 club.
* * * LOW HITPOINT WARNING * * *
You feel sick. The goblin hits you with a +0 club.
* * * LOW HITPOINT WARNING * * *
The adder closely misses you. The goblin hits you with a +0 club.
* * * LOW HITPOINT WARNING * * *
It was a potion of curing.
You feel better. The adder barely misses you. x2
The goblin hits you with a +0 club.
* * * LOW HITPOINT WARNING * * *
The goblin attacks as you move away! The goblin barely misses you.
The adder bites you.
* * * LOW HITPOINT WARNING * * *
A goblin comes into view. It is wielding a +0 dagger of venom.
You hit the adder. You headbutt the adder.
You kill the adder!
Robin roars a battlecry!
The goblin goes into a battle-frenzy!
You are confused.
You feel invigorated. The goblin barely misses you.
A goblin comes into view. It is wielding a +0 club.
Robin throws the goblin at you! The goblin hits you with a +0 club.
* * * LOW HITPOINT WARNING * * *
The goblin hits you with a +0 dagger of venom.
* * * LOW HITPOINT WARNING * * *
You are lethally poisoned!
You hit the goblin.
The goblin is severely wounded.
* * * LOW HITPOINT WARNING * * *
You feel very sick. The goblin barely misses you.
The goblin closely misses you.
You barely miss the goblin.
* * * LOW HITPOINT WARNING * * *
You feel very sick.
The goblin no longer looks unusually strong.
The goblin hits you with a +0 club.
* * * LOW HITPOINT WARNING * * *
The goblin hits you with a +0 dagger of venom.
You die...

#..####.#
#..####.#
#.......#
##.###### #
#.#
....####.#
.........###
#>#.####.g.#
###@#
#g#####
#Kg...#
#††g..#
#.._..#
#†....###.#
#.........#
#...#.#####
# #......# #


You could see Robin, 3 goblins and a kobold.

Vanquished Creatures
  Natasha (twice) (D:2)
  A gnoll (D:1)
  3 adders (D:2)
  3 ball pythons
  4 endoplasms
  2 giant cockroaches (D:1)
  A goblin (D:1)
  2 hobgoblins
  A quokka (D:1)
  2 bats (D:1)
  2 frilled lizards (D:1)
  3 kobolds
26 creatures vanquished.

Notes
Turn   | Place    | Note
-------+----------+-------------------------------------------
     0 | D:1      | Kenran the Minotaur Monk began the quest for the Orb.
     0 | D:1      | Reached XP level 1. HP: 19/19 MP: 0/0
   142 | D:1      | Reached skill level 4 in Maces & Flails
   231 | D:1      | Reached XP level 2. HP: 25/26 MP: 1/1
   596 | D:2      | Noticed Natasha
   600 | D:2      | Killed Natasha
   601 | D:2      | Reached skill level 5 in Maces & Flails
   601 | D:2      | Reached XP level 3. HP: 31/31 MP: 2/2
   801 | D:2      | Found an ancient bone altar of Kikubaaqudgha.
   813 | D:2      | Reached skill level 6 in Maces & Flails
   813 | D:2      | Reached XP level 4. HP: 37/39 MP: 3/3
   817 | D:2      | Noticed Natasha
   823 | D:2      | Killed Natasha
   824 | D:2      | Noticed Robin
   834 | D:2      | Slain by a goblin

Illustrated notes

Levels and vault maps discovered:
D:1:      sevenhm_arrival_forest_fort_small_4, layout_rooms, hex_intersection,
          amethyst_killhole, minivault_23, minmay_door_square
D:2:      layout_loops_cross, basic_altar, uniq_natasha,
          uniq_crazy_yiuf_cottage, uniq_robin

Skill      XL: |  1  2  3 |
---------------+----------+-----
Maces & Flails | 4 5 6 |  6.5
Fighting       | |  3.6
Dodging        | |  3.2

Action                     |  1- 3 |  4- 6 || total
---------------------------+-------+-------++-------
  Melee: Mace              |    37 |     6 ||    43
         Headbutt          |     7 |     2 ||     9
    Use: Scroll            |     1 |       ||     1
         Potion            |       |     2 ||     2
 Armour: Robe              |     3 |     4 ||     7
  Dodge: Dodged            |    27 |    13 ||    40

Table legend: (Time is in decaauts)
 A = Elapsed time spent in this place.
 B = Non-inter-level travel time spent in this place.
 C = Inter-level travel time spent in this place.
 D = Time resting spent in this place.
 E = Time spent auto-exploring this place.
 F = Levels seen in this place.
 G = Mean time per level.
                   A        B        C        D        E       F      G
               +--------+--------+--------+--------+--------+-----+--------+
         Total |    849 |    791 |     58 |     77 |    481 |   2 |  424.5 |
       Dungeon |    849 |    791 |     58 |     77 |    481 |   2 |  424.5 |
               +--------+--------+--------+--------+--------+-----+--------+

Top non-repeatable levels by time:
     D:1: 681 daAuts
     D:2: 168 daAuts
